 Dungeon Sprint DCSS version 0.23.1 (webtiles) character file.

Game seed: 13572718179999740074

32 dvd the Covered (level 3, -2/36 HPs)
             Began as a Minotaur Fighter on Mar 18, 2019.
             Was an Initiate of Okawaru.
             Slain by Menkaure (5 damage)
             ... in the Dungeon (Sprint VII: "The Pits").
             The game lasted 00:01:20 (328 turns).

dvd the Covered (Minotaur Fighter)                   Turns: 328, Time: 00:01:20

Health: -2/36      AC:  7    Str: 20    XL:     3   Next: 10%
Magic:  2/2        EV:  7    Int:  5    God:    Okawaru [......]
Gold:   0          SH: 10    Dex: 10    Spells: 2/2 levels left

rFire    . . .     SeeInvis .   a - +0 war axe
rCold    . . .     Gourm    .   c - +0 shield
rNeg     . . .     Faith    .   b - +0 scale mail
rPois    .         Spirit   .   (helmet restricted)
rElec    .         Reflect  .   (no cloak)
rCorr    .         Harm     .   (no gloves)
MR       .....     NoTele   +   (no boots)
Stlth    ..........             (no amulet)
HPRegen  0.12/turn              (no ring)
MPRegen  0.08/turn              (no ring)

@: no status effects
A: retaliatory headbutt, horns 2
a: Renounce Religion


You were in the Dungeon.
You worshipped Okawaru.
Okawaru was noncommittal.
You were not hungry.

You visited 1 branch

Inventory:

Hand Weapons
 a - a +0 war axe (weapon)
 l - a +2 mace of protection
Armour
 b - a +0 scale mail (worn)
 c - a +0 shield (worn)
Scrolls
 k - a scroll of blinking
 n - 3 scrolls of remove curse
 o - 5 scrolls of amnesia
 p - a scroll of summoning
Potions
 d - a potion of might
 e - a potion of curing
 g - a potion of heal wounds
 h - a potion of haste
 i - 4 potions of magic
 j - 3 potions of berserk rage
 m - 2 potions of invisibility
Comestibles
 f - 9 rations
 q - a chunk of flesh


   Skills:
 + Level 5.3 Fighting
 + Level 3.4 Axes
 + Level 5.6 Armour
 + Level 5.3 Shields


You had 2 spell levels left.
You didn't know any spells.
Your spell library was empty.

Dungeon Overview and Level Annotations

Branches:
Dungeon (1/1)

Altars:
Ashenzari
Cheibriados
Dithmenos
Elyvilon
Fedhas
Gozag
Hepliaklqana
Kikubaaqudgha
Makhleb
Nemelex Xobeh
Okawaru
Qazlal
Ru
Sif Muna
Trog
Uskayaw
Vehumet
Wu Jian
Xom
Yredelemnul
Zin
The Shining One
Beogh
Jiyva
Lugonu

Annotations:
D Menkaure


Innate Abilities, Weirdness & Mutations

You reflexively headbutt those who attack you in melee.
You have a pair of horns on your head.


Message History

Your body is wracked with pain!
* * * LOW HITPOINT WARNING * * *
You block the adder skeleton's attack.
Your scale mail prevents you from hitting the adder skeleton.
The adder skeleton is severely damaged.
The adder skeleton bites you but does no damage.
You slash Menkaure!
Menkaure is moderately damaged.
Your shield and scale mail prevent you from hitting the adder skeleton.
The adder skeleton bites you but does no damage.
Menkaure hits you!
* * * LOW HITPOINT WARNING * * *
The adder skeleton barely misses you. You furiously retaliate!
You headbutt the adder skeleton.
You destroy the adder skeleton!
Okawaru accepts your kill.
You slash Menkaure!
Menkaure is heavily damaged.
Menkaure hits you.
You die...

#.?(.')))'.##......#..#.
##########.##...........
#...........'...........
#+#####÷#####......#..#.
#..)..##...........
#####'#####'#####++
#..÷..##.......#
#.....##.......#
###@####.......#
#..M..##...<...#
........##.......#
#........##.......#
###########.......#
#########


You could see Menkaure.

Vanquished Creatures
  A worker ant (D)
  An adder skeleton (D)
  An orc (D)
  A giant cockroach (D)
  A quokka (D)
  A ball python (D)
  A frilled lizard (D)
  A leopard gecko skeleton (D)
8 creatures vanquished.

Notes
Turn   | Place    | Note
-------+----------+-------------------------------------------
     0 | D        | dvd the Minotaur Fighter began the quest for the Orb.
     0 | D        | Reached XP level 1. HP: 19/19 MP: 0/0
     9 | D        | Noticed a worker ant
    13 | D        | Killed a worker ant
    13 | D        | Reached skill level 5 in Fighting
    13 | D        | Reached skill level 5 in Armour
    13 | D        | Reached skill level 5 in Shields
    13 | D        | Reached XP level 2. HP: 29/29 MP: 1/1
    18 | D        | Found a bloodstained altar of Trog.
    18 | D        | Found a deep blue altar of Sif Muna.
    18 | D        | Found a viscous altar of Jiyva.
    18 | D        | Found a hazy altar of Hepliaklqana.
    18 | D        | Found an opulent altar of Gozag.
    19 | D        | Found a glowing golden altar of the Shining One.
    19 | D        | Found a glowing silver altar of Zin.
    19 | D        | Found a basalt altar of Yredelemnul.
    19 | D        | Found a shimmering altar of Xom.
    19 | D        | Found an ornate altar of the Wu Jian Council.
    19 | D        | Found a sacrificial altar of Ru.
    19 | D        | Found a stormy altar of Qazlal.
    19 | D        | Found an iron altar of Okawaru.
    19 | D        | Found a sparkling altar of Nemelex Xobeh.
    19 | D        | Found a burning altar of Makhleb.
    19 | D        | Found a blossoming altar of Fedhas.
    19 | D        | Found a white marble altar of Elyvilon.
    19 | D        | Found a shadowy altar of Dithmenos.
    19 | D        | Found a snail-covered altar of Cheibriados.
    21 | D        | Found a radiant altar of Vehumet.
    21 | D        | Found a corrupted altar of Lugonu.
    21 | D        | Found a roughly hewn altar of Beogh.
    22 | D        | Found a hide-covered altar of Uskayaw.
    22 | D        | Found an ancient bone altar of Kikubaaqudgha.
    22 | D        | Found a shattered altar of Ashenzari.
    31 | D        | Became a worshipper of Warmaster Okawaru
   321 | D        | Noticed Menkaure
   323 | D        | Reached XP level 3. HP: 36/36 MP: 2/2
   328 | D        | Slain by Menkaure

Skill      XL: |  1 |
---------------+----+-----
Fighting       | 5 |  5.3
Axes           | 3 |  3.4
Armour         | 5 |  5.6
Shields        | 5 |  5.3

Action                   || total
-------------------------++-------
Melee: War axe           ||    19
       Headbutt          ||     4
Armor: Scale mail        ||     8
Dodge: Dodged            ||     4
Block: Shield            ||    12
